 Dungeon Crawl Stone Soup version 0.27-a0-972-gd1521fd518 (webtiles) character file.

Game seed: 17981384775264789173

2049 Anon1729 the Basher (level 9, -9/79 HPs)
             Began as a Minotaur Gladiator on Apr 13, 2021.
             Was a Priest of Okawaru.
             Mangled by Menkaure (12 damage)
             ... on level 7 of the Dungeon.
             The game lasted 00:26:43 (7517 turns).

Anon1729 the Basher (Minotaur Gladiator)            Turns: 7517, Time: 00:26:44

Health: -9/79      AC:  8    Str: 20    XL:     9   Next: 4%
Magic:  3/3        EV: 14    Int:  5    God:    Okawaru [***...]
Gold:   318        SH:  7    Dex: 15    Spells: 8/8 levels left

rFire    . . .     SeeInvis +   q - +2 flail (antimagic)
rCold    + . .     Faith    .   f - +2 buckler {reflect}
rNeg     . . .     Spirit   .   b - +0 leather armour
rPois    .         Reflect  +   c - +0 hat
rElec    .         Harm     .   k - +0 cloak
rCorr    .         Rampage  .   u - +2 pair of gloves {Dex+3}
Will     +....     Clarity  +   (no boots)
Stlth    +.........             m - amulet of regeneration
HPRegen  1.23/turn              r - ring of protection from cold
MPRegen  0.08/turn              s - ring of willpower

@: no status effects
A: horns 2, retaliatory headbutt, see invisible, clarity, robust 1, weak 1
a: Renounce Religion, Heroism


You were on level 7 of the Dungeon.
You worshipped Okawaru.
Okawaru was most pleased with you.
You visited 2 branches of the dungeon, and saw 8 of its levels.
You also visited: Sewer and Ossuary.

You collected 614 gold pieces.
You spent 296 gold pieces at shops.

Inventory:

Hand Weapons
 a - a +0 flail
 e - a +0 dagger of venom
 q - a +2 antimagic flail (weapon)
 C - a +2 flail of protection
Missiles
 d - 3 throwing nets
 l - 16 boomerangs (quivered)
Armour
 b - a +0 leather armour (worn)
 c - a +0 hat (worn)
 f - a +2 buckler of reflection (worn)
 k - a +0 cloak (worn)
 u - a +2 pair of gloves of dexterity (worn)
Jewellery
 m - an amulet of regeneration (around neck)
 o - a ring of poison resistance
 r - a ring of protection from cold (left hand)
 s - a ring of willpower (right hand)
 y - a ring of flight
 F - a ring of ice
Wands
 i - a wand of polymorph (9)
 B - a wand of flame (10)
Scrolls
 g - a scroll of immolation
 h - 2 scrolls of amnesia
 j - a scroll of fog {unknown}
 v - 4 scrolls of teleportation {unknown}
 x - 3 scrolls of enchant armour {unknown}
 D - a scroll of holy word {unknown}
 E - a scroll of silence {unknown}
 H - a scroll of identify
 J - a scroll of blinking
Potions
 n - a potion of flight
 p - a potion of ambrosia
 t - 5 potions of invisibility
 w - a potion of attraction
 z - a potion of haste
 A - a potion of resistance
 G - a potion of lignification
 I - a potion of cancellation {unknown}


   Skills:
 - Level 4.3 Fighting
 * Level 8.5 Maces & Flails
 - Level 3.4 Throwing
 + Level 5.9 Armour
 + Level 6.5 Dodging
 - Level 4.0 Shields
 + Level 3.6 Invocations


You had 8 spell levels left.
You didn't know any spells.
Your spell library was empty.

Dungeon Overview and Level Annotations

Branches:
Dungeon (7/15)             Temple (1/1) D:4           Sewer (visited)
Ossuary (visited)

Altars:
Ashenzari
Cheibriados
Elyvilon
Fedhas
Gozag
Hepliaklqana
Kikubaaqudgha
Makhleb
Nemelex Xobeh
Okawaru
Qazlal
Ru
Sif Muna
Vehumet
Wu Jian
Xom
Yredelemnul
Zin
The Shining One

Shops:
D:4 *   D:6 !

Annotations:
D:3 Grinder
D:4 1 runed translucent door, exclusion: downstairs, kae's ghost, novice DrTm
D:7 Maggie; Menkaure


Innate Abilities, Weirdness & Mutations

You have a pair of horns on your head.
You reflexively headbutt those who attack you in melee.
You have supernaturally acute eyesight. (SInv)
You possess an exceptional clarity of mind.
You are robust. (+10% HP)
You are weak. (Str -2)


Message History

You see here a +0 short sword.
Your +2 flail of protection goes still.
You feel magic leave you.
q - a +2 antimagic flail (weapon)
Menkaure calls on the powers of darkness!
Your body is wracked with pain!
You block Menkaure's attack.
You hit Menkaure but do no damage.
Menkaure sighs, "Let me perform the rites..."
Menkaure calls on the powers of darkness!
Your body is wracked with pain!
* * * LOW HITPOINT WARNING * * *
Okay, then.
Press: ? - help, v - describe, . - travel, g - get item
Here: Menkaure (fast) Item here: a +0 short sword.
The floor.
Press: ? - help, v - describe, . - travel, g - get item
Here: Menkaure (fast) Item here: a +0 short sword.
The floor.
Unknown command.
Okay, then.
You are too injured to fight recklessly!
Unknown command.
You closely miss Menkaure. You block Menkaure's attack.
Press: ? - help, v - describe, . - travel
Here: Menkaure (fast)
The floor.
You hit Menkaure.
Menkaure's magic leaks into the air.
Menkaure is moderately damaged.
Menkaure hits you!
* * * LOW HITPOINT WARNING * * *
Press: ? - help, v - describe, . - travel
Here: Menkaure (moderately damaged, fast)
The floor.
You barely miss Menkaure.
Menkaure is moderately damaged.
Menkaure hits you!
* * * LOW HITPOINT WARNING * * *
Menkaure hits you!
You die...

##..##............
#########.##............
#......##.##............
#...<..##...............
#......###..............
#......##........>......
#.(....##....<..........
#......##.###.....####..
#......@M........## #.#
#......##)##......####..
#......#)).#....#..#...>
#..(...#...#.#..##......
########........###.#...
#...#...........# ##
#.....#.###...... M...
##M....#.###.#####
.....####.....##.....# #


You could see Menkaure (fast).

Vanquished Creatures
  Sigmund (D:5)
  Duvessa (D:5)
  A water moccasin (D:6)
  2 black bears
  A necrophage (D:6)
  2 phantoms
  A wyvern zombie (D:5)
  Dowan (D:5)
  4 scorpions
  A water moccasin skeleton (D:5)
  A bullfrog zombie (D:5)
  2 centaur zombies
  An orc priest (D:7)
  A bullfrog skeleton (D:6)
  A hound (D:4)
  3 jellies
  2 centaur skeletons (D:7)
  3 iguanas
  3 orc wizards
  A scorpion zombie (D:5)
  A killer bee zombie (D:6)
  A hound zombie (D:5)
  2 mummies (Ossuary)
  A howler monkey zombie (D:5)
  4 gnolls (D:3)
  4 adders
  A shadow imp (D:7)
  2 white imps
  An ufetubus (D:5)
  5 worms
  2 dart slugs
  15 orcs
  9 ball pythons
  12 bats
  15 endoplasms
  10 giant cockroaches
  12 goblins
  13 hobgoblins
  14 jackals
  4 quokkas
  7 frilled lizards
  7 gnoll zombies (Ossuary)
  A goblin zombie (Ossuary)
  3 hobgoblin zombies (Ossuary)
  A jackal zombie (D:6)
  9 kobolds
  2 orc zombies (Ossuary)
  4 rats
195 creatures vanquished.

Notes
Turn   | Place    | Note
-------+----------+-------------------------------------------
     0 | D:1      | Anon1729 the Minotaur Gladiator began the quest for the
                  | Orb.
     0 | D:1      | Reached XP level 1. HP: 18/18 MP: 0/0
   293 | D:1      | Found a faded altar of an unknown god.
   500 | D:1      | Reached XP level 2. HP: 25/25 MP: 1/1
   719 | D:1      | Reached skill level 1 in Armour
   909 | D:1      | Reached XP level 3. HP: 28/30 MP: 2/2
   967 | D:1      | Reached skill level 4 in Maces & Flails
  1440 | D:2      | You fall into a shaft and drop 2 floors!
  1468 | D:4      | Found Gacatrae's Assorted Antiques.
  1472 | D:4      | Bought a puce potion for 27 gold pieces
  1472 | D:4      | Bought an amethyst potion for 27 gold pieces
  1532 | D:4      | Found a broken altar of Ashenzari.
  1564 | D:4      | Reached XP level 4. HP: 35/38 MP: 3/3
  1935 | D:4      | Noticed an ice beast
  2067 | D:4      | Reached XP level 5. HP: 38/45 MP: 4/4
  2294 | D:4      | Found a runed translucent door.
  2294 | D:4      | Noticed kae's ghost (novice DrTm)
  2574 | D:4      | Noticed a phantom
  2621 | D:3      | Found a basalt altar of Yredelemnul.
  2950 | D:3      | Reached XP level 6. HP: 42/52 MP: 1/5
  3048 | D:3      | Found an iron altar of Okawaru.
  3059 | D:3      | Became a worshipper of Warmaster Okawaru
  3074 | D:3      | Noticed Grinder
  3932 | D:4      | Reached skill level 5 in Maces & Flails
  4121 | D:4      | Found a staircase to the Ecumenical Temple.
  4164 | D:4      | Reached skill level 5 in Dodging
  4198 | D:4      | Reached XP level 7. HP: 55/60 MP: 2/6
  4208 | D:4      | Reached skill level 1 in Invocations
  4743 | Temple   | Entered the Ecumenical Temple
  4932 | D:5      | Entered Level 5 of the Dungeon
  4935 | D:5      | Identified 2 scrolls of acquirement
  4938 | D:5      | Acquired a +2 buckler of reflection
  4940 | D:5      | Acquired a +2 pair of gloves of dexterity
  4967 | D:5      | Noticed Sigmund
  5002 | D:5      | Noticed Duvessa
  5002 | D:5      | Noticed Dowan
  5025 | D:5      | Gained mutation: You are robust. (+10% HP) [potion of
                  | mutation]
  5025 | D:5      | Gained mutation: You are weak. (Str -2) [potion of
                  | mutation]
  5025 | D:5      | Gained mutation: You possess an exceptional clarity of
                  | mind. [potion of mutation]
  5025 | D:5      | Gained mutation: You have supernaturally acute eyesight.
                  | (SInv) [potion of mutation]
  5136 | D:5      | Killed Sigmund
  5136 | D:5      | Reached * piety under Okawaru
  5137 | D:5      | Reached skill level 6 in Maces & Flails
  5137 | D:5      | Reached skill level 1 in Shields
  5540 | D:5      | Killed Duvessa
  5540 | D:5      | Reached ** piety under Okawaru
  5541 | D:5      | Reached XP level 8. HP: 62/73 MP: 0/8
  5544 | D:5      | Killed Dowan
  5545 | D:5      | Reached skill level 7 in Maces & Flails
  5568 | D:5      | Found a glowing drain.
  5578 | Sewer    | Entered a sewer
  6328 | D:6      | Found a sand-covered staircase.
  6338 | Ossuary  | Entered an ossuary
  6541 | D:6      | Reached skill level 5 in Armour
  6779 | D:6      | Found a hazy altar of Hepliaklqana.
  6786 | D:6      | Reached skill level 8 in Maces & Flails
  7022 | D:6      | Found Puizirch's Distillery.
  7030 | D:6      | Bought a potion of degeneration for 11 gold pieces
  7031 | D:6      | Bought a potion of resistance for 110 gold pieces
  7031 | D:6      | Bought a potion of lignification for 33 gold pieces
  7031 | D:6      | Bought a potion of invisibility for 88 gold pieces
  7214 | D:7      | Noticed Menkaure
  7241 | D:7      | Reached *** piety under Okawaru
  7242 | D:7      | Reached XP level 9. HP: 70/79 MP: 10/10
  7287 | D:7      | Noticed Maggie
  7517 | D:7      | HP: 3/79 [Menkaure (15)]
  7517 | D:7      | Mangled by Menkaure

Illustrated notes

Levels and vault maps discovered:
D:1:      psy_arrival_terrarium, layout_loops_ring,
          ebering_ecumenical_altar_rust, hangedman_decor_growths,
          due_unseen_surprise
D:2:      layout_loops_ring
D:3:      minmay_spotlight, layout_loops_cross, general_overflow_altar,
          okawaru_ov_weapons_minmay, st_stairs_6, serial_bayou_pond_e,
          uniq_grinder
D:4:      layout_loops_corners, nicolae_ashenzari_panopticon,
          minmay_temple_entry_enclosed_plants, ebering_ghost_sewer_d,
          serial_shops, shop, corexii_hall_statues_t, kennysheep_donut,
          chequers_serial_rivers_large_a, mrwooster_statue_mirror
D:5:      lemuel_ice_spiral_2, layout_basic, portal_sewer_entry_f, uniq_sigmund,
          uniq_duvessa
D:6:      layout_gridville, lemuel_doored_altar, serial_shops, shop,
          enter_ossuary_3, minmay_misc_feat_more_columns,
          minmay_misc_feat_nine_boxes
D:7:      layout_rooms, uniq_maggie, uniq_menkaure, uniq_prince_ribbit1
Temple:   regret_index_temple_waves

Skill      XL: |  1  2  3  4  5  6  7  8  9 |
---------------+----------------------------+-----
Armour         | 1 2 3 4 5 |  5.9
Maces & Flails | 4 5 6 8 |  8.5
Fighting       | 3 4 |  4.3
Dodging        | 4 5 6 |  6.5
Throwing       | 3 |  3.4
Invocations    | 2 3 |  3.6
Shields        | 2 3 4 |  4.0

Action                   |  1- 3 |  4- 6 |  7- 9 || total
-------------------------+-------+-------+-------++-------
Melee: Flail             |    87 |   155 |   220 ||   462
       Headbutt          |     5 |    31 |    51 ||    87
Throw: Boomerang         |     1 |       |     4 ||     5
Invok: Heroism           |       |       |     1 ||     1
  Use: Scroll            |       |       |     9 ||     9
       Potion            |       |       |     6 ||     6
Armor: Leather armour    |    12 |    31 |    64 ||   107
Dodge: Dodged            |    57 |   115 |   139 ||   311
Block: Buckler           |       |       |    76 ||    76
       Reflection        |       |       |     2 ||     2

Table legend: (Time is in decaauts)
 A = Elapsed time spent in this place.
 B = Non-inter-level travel time spent in this place.
 C = Inter-level travel time spent in this place.
 D = Time resting spent in this place.
 E = Time spent auto-exploring this place.
 F = Levels seen in this place.
 G = Mean time per level.
                   A        B        C        D        E       F      G
               +--------+--------+--------+--------+--------+-----+--------+
         Total |   7741 |   7393 |    348 |    594 |   5091 |  10 |  774.1 |
       Dungeon |   6799 |   6470 |    329 |    594 |   4444 |   7 |  971.3 |
        Temple |    128 |    109 |     19 |      0 |    109 |   1 |  128.0 |
         Sewer |    646 |    646 |      0 |      0 |    452 |   1 |  646.0 |
       Ossuary |    167 |    167 |      0 |      0 |     85 |   1 |  167.0 |
               +--------+--------+--------+--------+--------+-----+--------+

Top non-repeatable levels by time:
     D:4: 2212 daAuts
     D:1: 1314 daAuts
     D:5: 768 daAuts
     D:2: 752 daAuts
     D:3: 710 daAuts
     D:6: 695 daAuts
   Sewer: 646 daAuts
     D:7: 344 daAuts
 Ossuary: 167 daAuts
  Temple: 128 daAuts
